 Dungeon Crawl Stone Soup version 0.23-a0-370-gf497b7c (webtiles) character file.

2276 Gorice the Skirmisher (level 9, -5/74 HPs)
             Began as a Gnoll Wanderer on Oct 24, 2018.
             Was an Initiate of Okawaru.
             Slain by an ice beast (14 damage)
             ... on level 8 of the Dungeon.
             The game lasted 00:26:27 (9603 turns).

Gorice the Skirmisher (Gnoll Wanderer)              Turns: 9603, Time: 00:26:28

Health: -5/74      AC: 15    Str: 14    XL:     9   Next: 39%
Magic:  15/15      EV:  1    Int: 15    God:    Okawaru [......]
Gold:   444        SH:  0    Dex: 18    Spells: 16/16 levels left

rFire    . . .     SeeInvis .   a - +1 quarterstaff (crush)
rCold    . . .     Gourm    .   (shield currently unavailable)
rNeg     . . .     Faith    .   G - +0 plate armour
rPois    +         Spirit   .   (no helmet)
rElec    .         Reflect  .   E - +0 cloak
rCorr    .         Harm     .   (no gloves)
MR       .....                  k - +0 pair of boots
Stlth    ..........             (no amulet)
HPRegen  0.22/turn              p - ring of poison resistance
MPRegen  0.14/turn              M - -5 ring of evasion (curse)

@: no status effects
A: distributed training, fangs 1, strong nose
a: Renounce Religion


You were on level 8 of the Dungeon.
You worshipped Okawaru.
Okawaru was noncommittal.
You were not hungry.

You visited 2 branches of the dungeon, and saw 9 of its levels.
You also visited: Sewer.

You collected 444 gold pieces.

Inventory:

Hand Weapons
 a - a +1 quarterstaff of crushing (weapon)
   (You found it on level 3 of the Dungeon)
 b - a +0 spear
 d - a +0 dagger
 e - a +3 dagger
 i - a +0 glaive
 v - a +3 dagger of venom
   (You took it off an orc wizard on level 6 of the Dungeon)
Missiles
 g - 8 silver tomahawks (quivered)
 s - 99 arrows
 t - 38 sling bullets
 Y - 225 stones
 Z - a throwing net {!f}
Armour
 k - a +0 pair of boots (worn)
 l - a +2 scale mail
 A - a +0 chain mail
 B - a +0 chain mail of cold resistance
   (You found it on level 6 of the Dungeon)
 C - a +4 ring mail
 E - a +0 cloak (worn)
 G - a +0 plate armour (worn)
Jewellery
 p - a ring of poison resistance (left hand)
 F - an uncursed ring of fire
 M - a cursed -5 ring of evasion (right hand)
Wands
 q - a wand of flame (24)
 D - a wand of iceblast (12)
 H - a wand of polymorph (17)
Scrolls
 c - a scroll of teleportation {!r}
 j - a scroll of blinking
 x - 2 scrolls of enchant weapon
 y - a scroll of amnesia
 L - a scroll of fog
Potions
 h - 3 potions of curing
 n - a potion of resistance {!q}
 o - a potion of mutation {!q}
 r - a potion of haste {!q}
 u - a potion of brilliance {!q}
 w - a potion of invisibility {unknown}
 J - a potion of might {unknown}
 K - 2 potions of cancellation {!q}
Comestibles
 f - 16 rations


   Skills:
 + Level 7.8 Fighting
 + Level 4.1 Short Blades
 + Level 4.1 Long Blades
 + Level 4.1 Axes
 + Level 4.1 Maces & Flails
 + Level 4.9 Polearms
 + Level 4.1 Staves
 + Level 4.1 Slings
 + Level 4.1 Bows
 + Level 4.1 Crossbows
 + Level 4.9 Throwing
 + Level 6.2 Armour
 + Level 4.9 Dodging
 + Level 5.9 Stealth
 + Level 4.1 Shields
 + Level 4.1 Unarmed Combat
 + Level 4.1 Spellcasting
 + Level 3.4 Conjurations
 + Level 3.4 Hexes
 + Level 3.4 Charms
 + Level 3.4 Summonings
 + Level 3.4 Necromancy
 + Level 3.4 Translocations
 + Level 3.4 Transmutations
 + Level 3.4 Fire Magic
 + Level 3.4 Ice Magic
 + Level 3.4 Air Magic
 + Level 3.4 Earth Magic
 + Level 3.4 Poison Magic
 + Level 4.5 Invocations
 + Level 4.1 Evocations


You had 16 spell levels left.
You didn't know any spells.
Your spell library contained the following spells:

 Spells                   Type           Power        Failure   Level  Hunger
 Sting                    Conj/Pois      ##..         97%         1    None
 Poisonous Vapours        Pois/Air       ##....       99%         2    ##.....
 Mephitic Cloud           Conj/Pois/Air  ##......     100%        3    ###....
 Olgreb's Toxic Radiance  Pois           ##......     100%        4    ####...
 Venom Bolt               Conj/Pois      ##........   100%        5    ######.


Dungeon Overview and Level Annotations

Branches:
Dungeon (8/15)             Temple (1/1) D:6
   Lair: D:8-11

Altars:
Ashenzari
Cheibriados
Dithmenos
Elyvilon
Fedhas
Gozag
Hepliaklqana
Kikubaaqudgha
Makhleb
Nemelex Xobeh
Okawaru
Qazlal
Ru
Sif Muna
Trog
Uskayaw
Wu Jian
Yredelemnul
Zin
The Shining One


Innate Abilities, Weirdness & Mutations

Your experience applies equally to all skills.
You have very sharp teeth.
Your uncanny sense of smell can sniff out nearby items.


Message History

Press: ? - help, Shift-Dir - straight line, f/p - ice beast
Aim: an ice beast (lightly wounded)
You throw a tomahawk. The tomahawk hits the ice beast!
The ice beast is severely wounded.
Something hits you.
Damage: 5 (max 7) Throwing (i - inventory. (/) - cycle)
m - 2 tomahawks (quivered)
Press: ? - help, Shift-Dir - straight line, f/p - ice beast
Aim: an ice beast (severely wounded)
You throw a tomahawk.
The tomahawk hits the ice beast but does no damage.
The ice beast is severely wounded.
Something hits you.
Damage: 5 (max 7) Throwing (i - inventory. (/) - cycle)
m - a tomahawk (quivered)
Press: ? - help, Shift-Dir - straight line, f/p - ice beast
Aim: an ice beast (severely wounded)
You throw a tomahawk.
The tomahawk barely misses the ice beast.
Something hits you.
Damage: 1 (max 7)
You barely miss the ice beast.
The ice beast is severely wounded.
Something hits you but does no damage.
The ice beast hits you but does no damage.
You sock the ice beast!
The ice beast is almost dead.
Something hits you but does no damage. The ice beast hits you.
The ice beast freezes you!
* * * LOW HITPOINT WARNING * * *
Damage: 14 (max 14)
You hit the ice beast but do no damage. You bite the ice beast.
The ice beast is almost dead.
Something hits you but does no damage. The ice beast hits you.
* * * LOW HITPOINT WARNING * * *
The ice beast freezes you!
* * * LOW HITPOINT WARNING * * *
Damage: 14 (max 14)
Something hits you but does no damage. The ice beast hits you.
* * * LOW HITPOINT WARNING * * *
The ice beast freezes you!
* * * LOW HITPOINT WARNING * * *
Something hits you but does no damage.
There is a stone staircase leading up here.
Damage: 11 (max 14)
Okay, then.
Something hits you but does no damage. The ice beast hits you.
* * * LOW HITPOINT WARNING * * *
The ice beast freezes you!
You die...

## ##.. ### #..
.# ...### #.# .#
#>.?.##.##.####
#............#
#.....(((..#
#..Y?....(.# #.
#..@.......#...
#............#
##...........#
.........<....##
.###..........#
#...####..####
..## ..... .#.
...#.... .
.......#.##


You could see an ice beast.

Vanquished Creatures
  Purgy (Sewer)
  An orc warrior (D:5)
  An ice beast (D:5)
  4 ogres
  A necrophage (D:5)
  A sky beast (D:7)
  4 centaurs (D:7)
  Blork the orc (D:5)
  2 bullfrogs
  2 scorpions (D:4)
  3 crimson imps
  4 orc priests
  Crazy Yiuf (D:5)
  3 hounds
  A bullfrog skeleton (D:7)
  2 iguanas
  Ijyb (D:5)
  6 worker ants
  An orc wizard (D:6)
  A worker ant zombie (D:7)
  4 gnolls
  7 adders
  A shadow imp (D:5)
  An ooze (D:2)
  2 adder skeletons (D:4)
  3 worms
  6 dart slugs
  4 leopard geckos
  11 orcs
  A ball python (D:1)
  9 giant cockroaches
  6 goblins
  8 hobgoblins
  13 jackals
  11 kobolds
  A quokka (D:5)
  15 bats
  4 frilled lizards
  2 rats
  A spectral orc (D:6)
151 creatures vanquished.

Notes
Turn   | Place    | Note
-------+----------+-------------------------------------------
     0 | D:1      | Gorice the Gnoll Wanderer began the quest for the Orb.
     0 | D:1      | Gorice set off with: a +2 scale mail, a +0 spear, a scroll
                  | of teleportation {!r}, a +0 dagger, a ration
     0 | D:1      | Reached XP level 1. HP: 23/23 MP: 1/1
   136 | D:1      | Reached XP level 2. HP: 29/29 MP: 2/2
   487 | D:1      | Reached XP level 3. HP: 31/35 MP: 3/3
  1229 | D:2      | Reached skill level 1 in Invocations
  1579 | D:2      | HP: 6/35 [worker ant (6)]
  1584 | D:2      | HP: 4/52 [poisoned by a worker ant]
  1585 | D:2      | Reached skill level 1 in Short Blades
  1585 | D:2      | Reached skill level 1 in Long Blades
  1585 | D:2      | Reached skill level 1 in Axes
  1585 | D:2      | Reached skill level 1 in Maces & Flails
  1585 | D:2      | Reached skill level 1 in Staves
  1585 | D:2      | Reached skill level 1 in Slings
  1585 | D:2      | Reached skill level 1 in Bows
  1585 | D:2      | Reached skill level 1 in Crossbows
  1585 | D:2      | Reached skill level 1 in Shields
  1585 | D:2      | Reached skill level 1 in Unarmed Combat
  1585 | D:2      | Reached skill level 1 in Spellcasting
  1585 | D:2      | Reached skill level 1 in Evocations
  1585 | D:2      | Reached XP level 4. HP: 4/41 MP: 5/5
  2117 | D:2      | Reached skill level 1 in Conjurations
  2117 | D:2      | Reached skill level 1 in Hexes
  2117 | D:2      | Reached skill level 1 in Charms
  2117 | D:2      | Reached skill level 1 in Summonings
  2117 | D:2      | Reached skill level 1 in Necromancy
  2117 | D:2      | Reached skill level 1 in Translocations
  2117 | D:2      | Reached skill level 1 in Transmutations
  2117 | D:2      | Reached skill level 1 in Fire Magic
  2117 | D:2      | Reached skill level 1 in Ice Magic
  2117 | D:2      | Reached skill level 1 in Air Magic
  2117 | D:2      | Reached skill level 1 in Earth Magic
  2117 | D:2      | Reached skill level 1 in Poison Magic
  2768 | D:3      | Reached XP level 5. HP: 47/47 MP: 6/6
  3497 | D:4      | Reached skill level 3 in Polearms
  3497 | D:4      | Reached skill level 3 in Throwing
  3497 | D:4      | Reached skill level 3 in Dodging
  3511 | D:4      | Found a glowing drain.
  3588 | Sewer    | Entered a sewer
  3719 | Sewer    | Noticed Purgy
  3767 | Sewer    | HP: 14/47 [Purgy (4)]
  3770 | Sewer    | Killed Purgy
  3770 | Sewer    | Reached skill level 5 in Armour
  3770 | Sewer    | Reached skill level 2 in Invocations
  3770 | Sewer    | Reached XP level 6. HP: 40/53 MP: 8/8
  3912 | D:4      | Reached skill level 2 in Short Blades
  3912 | D:4      | Reached skill level 2 in Long Blades
  3912 | D:4      | Reached skill level 2 in Axes
  3912 | D:4      | Reached skill level 2 in Maces & Flails
  3912 | D:4      | Reached skill level 2 in Staves
  3912 | D:4      | Reached skill level 2 in Slings
  3912 | D:4      | Reached skill level 2 in Bows
  3912 | D:4      | Reached skill level 2 in Crossbows
  3912 | D:4      | Reached skill level 2 in Shields
  3912 | D:4      | Reached skill level 2 in Unarmed Combat
  3912 | D:4      | Reached skill level 2 in Spellcasting
  3912 | D:4      | Reached skill level 2 in Evocations
  4174 | D:4      | Reached XP level 7. HP: 39/59 MP: 10/10
  4259 | D:4      | HP: 5/59 [ogre/+0 giant club (21)]
  4291 | D:4      | Reached skill level 7 in Fighting
  4291 | D:4      | Reached skill level 2 in Conjurations
  4291 | D:4      | Reached skill level 2 in Hexes
  4291 | D:4      | Reached skill level 2 in Charms
  4291 | D:4      | Reached skill level 2 in Summonings
  4291 | D:4      | Reached skill level 2 in Necromancy
  4291 | D:4      | Reached skill level 2 in Translocations
  4291 | D:4      | Reached skill level 2 in Transmutations
  4291 | D:4      | Reached skill level 2 in Fire Magic
  4291 | D:4      | Reached skill level 2 in Ice Magic
  4291 | D:4      | Reached skill level 2 in Air Magic
  4291 | D:4      | Reached skill level 2 in Earth Magic
  4291 | D:4      | Reached skill level 2 in Poison Magic
  4590 | D:5      | Entered Level 5 of the Dungeon
  4624 | D:4      | HP: 16/60 [ogre/+0 giant spiked club (15)]
  4919 | D:5      | Reached skill level 5 in Stealth
  5043 | D:5      | Reached skill level 3 in Invocations
  5066 | D:5      | Reached XP level 8. HP: 25/67 MP: 12/12
  5312 | D:5      | Reached skill level 3 in Short Blades
  5312 | D:5      | Reached skill level 3 in Long Blades
  5312 | D:5      | Reached skill level 3 in Axes
  5312 | D:5      | Reached skill level 3 in Maces & Flails
  5312 | D:5      | Reached skill level 4 in Polearms
  5312 | D:5      | Reached skill level 3 in Staves
  5312 | D:5      | Reached skill level 3 in Slings
  5312 | D:5      | Reached skill level 3 in Bows
  5312 | D:5      | Reached skill level 3 in Crossbows
  5312 | D:5      | Reached skill level 4 in Throwing
  5312 | D:5      | Reached skill level 4 in Dodging
  5312 | D:5      | Reached skill level 3 in Shields
  5312 | D:5      | Reached skill level 3 in Unarmed Combat
  5312 | D:5      | Reached skill level 3 in Spellcasting
  5312 | D:5      | Reached skill level 3 in Evocations
  5407 | D:5      | Found a snail-covered altar of Cheibriados.
  5407 | D:5      | Found a glowing golden altar of the Shining One.
  5905 | D:5      | Noticed Blork the orc
  5912 | D:5      | Killed Blork the orc
  5927 | D:5      | Found a glowing silver altar of Zin.
  5997 | D:5      | You fall through a shaft for 2 floors!
  6063 | D:7      | Found a bloodstained altar of Trog.
  6282 | D:7      | Reached skill level 3 in Conjurations
  6282 | D:7      | Reached skill level 3 in Hexes
  6282 | D:7      | Reached skill level 3 in Charms
  6282 | D:7      | Reached skill level 3 in Summonings
  6282 | D:7      | Reached skill level 3 in Necromancy
  6282 | D:7      | Reached skill level 3 in Translocations
  6282 | D:7      | Reached skill level 3 in Transmutations
  6282 | D:7      | Reached skill level 3 in Fire Magic
  6282 | D:7      | Reached skill level 3 in Ice Magic
  6282 | D:7      | Reached skill level 3 in Air Magic
  6282 | D:7      | Reached skill level 3 in Earth Magic
  6282 | D:7      | Reached skill level 3 in Poison Magic
  6282 | D:7      | Reached skill level 4 in Invocations
  6340 | D:7      | HP: 19/67 [iguana (8)]
  6579 | D:7      | Found a deep blue altar of Sif Muna.
  6643 | D:7      | Reached skill level 6 in Armour
  6643 | D:7      | Reached XP level 9. HP: 64/72 MP: 14/14
  6830 | D:6      | Found a deep blue altar of Sif Muna.
  6852 | D:5      | Found an iron altar of Okawaru.
  6860 | D:5      | Became a worshipper of Warmaster Okawaru
  6943 | D:5      | Noticed Ijyb
  7007 | D:5      | Killed Ijyb
  7039 | D:5      | Found a hide-covered altar of Uskayaw.
  7125 | D:5      | Found a runed door.
  7129 | D:5      | Noticed Crazy Yiuf
  7134 | D:5      | Paralysed by Crazy Yiuf for 5 turns
  7151 | D:5      | Killed Crazy Yiuf
  7352 | D:6      | Found a sparkling altar of Nemelex Xobeh.
  7434 | D:6      | Found a basalt altar of Yredelemnul.
  7691 | D:6      | Found a staircase to the Ecumenical Temple.
  7726 | Temple   | Entered the Ecumenical Temple
  8375 | D:5      | HP: 29/109 [orc warrior/+0 short sword (4)]
  8383 | D:5      | HP: 24/109 [orc warrior/+0 short sword (1)]
  8386 | D:5      | Reached skill level 4 in Short Blades
  8386 | D:5      | Reached skill level 4 in Long Blades
  8386 | D:5      | Reached skill level 4 in Axes
  8386 | D:5      | Reached skill level 4 in Maces & Flails
  8386 | D:5      | Reached skill level 4 in Staves
  8386 | D:5      | Reached skill level 4 in Slings
  8386 | D:5      | Reached skill level 4 in Bows
  8386 | D:5      | Reached skill level 4 in Crossbows
  8386 | D:5      | Reached skill level 4 in Shields
  8386 | D:5      | Reached skill level 4 in Unarmed Combat
  8386 | D:5      | Reached skill level 4 in Spellcasting
  8386 | D:5      | Reached skill level 4 in Evocations
  9600 | D:8      | HP: 22/74 [ice beast (13)]
  9603 | D:8      | HP: 9/74 [ice beast (2)]
  9603 | D:8      | Slain by an ice beast

Vault maps used:
D:1:      zelgadis_glass_arrival_small
D:2:      first_ration
D:3:      minmay_misc_feat_chi
D:4:      portal_sewer_entry_f
D:5:      lemuel_coloured_pillars_altar, marbit_many_paths,
          gammafunk_temple_overflow_wave, lemuel_crystal_altar,
          uniq_blork_the_orc, uniq_crazy_yiuf_cottage, uniq_ijyb
D:6:      yredelemnul_forgotten_temple_becter, lemuel_round_altar,
          minmay_temple_entry_trees, basic_altar
D:7:      led_sif_pool, trog_three_pillars_becter
D:8:      lair_entry_dummy, serial_shops, nicolae_shop_trees,
          hangedman_minor_gate_pass
Temple:   minmay_temple_forest_path
Sewer:    sewer_big_baddie

Skill      XL: |  1  2  3  4  5  6  7  8  9 |
---------------+----------------------------+-----
Invocations    | 1 2 3 4 |  4.5
Short Blades   | 1 2 3 4 |  4.1
Long Blades    | 1 2 3 4 |  4.1
Axes           | 1 2 3 4 |  4.1
Maces & Flails | 1 2 3 4 |  4.1
Staves         | 1 2 3 4 |  4.1
Slings         | 1 2 3 4 |  4.1
Bows           | 1 2 3 4 |  4.1
Crossbows      | 1 2 3 4 |  4.1
Shields        | 1 2 3 4 |  4.1
Unarmed Combat | 1 2 3 4 |  4.1
Spellcasting   | 1 2 3 4 |  4.1
Evocations     | 1 2 3 4 |  4.1
Conjurations   | 1 2 3 |  3.4
Hexes          | 1 2 3 |  3.4
Charms         | 1 2 3 |  3.4
Summonings     | 1 2 3 |  3.4
Necromancy     | 1 2 3 |  3.4
Translocations | 1 2 3 |  3.4
Transmutations | 1 2 3 |  3.4
Fire Magic     | 1 2 3 |  3.4
Ice Magic      | 1 2 3 |  3.4
Air Magic      | 1 2 3 |  3.4
Earth Magic    | 1 2 3 |  3.4
Poison Magic   | 1 2 3 |  3.4
Polearms       | 3 4 |  4.9
Throwing       | 3 4 |  4.9
Dodging        | 3 4 |  4.9
Armour         | 5 6 |  6.2
Fighting       | 7 |  7.8
Stealth        | 5 |  5.9

Action                   |  1- 3 |  4- 6 |  7- 9 || total
-------------------------+-------+-------+-------++-------
Melee: Spear             |   188 |   117 |       ||   305
       Bite              |    26 |    22 |    37 ||    85
       Punch             |       |     1 |       ||     1
       Quarterstaff      |       |   149 |   343 ||   492
Throw: Tomahawk          |       |     3 |    31 ||    34
Evoke: Wand              |       |     8 |     7 ||    15
  Use: Potion            |     3 |     4 |     2 ||     9
       Scroll            |     1 |     3 |    12 ||    16
 Stab: Sleeping          |     5 |     5 |     3 ||    13
  Eat: Chunk             |     2 |     9 |    15 ||    26
       Ration            |       |       |     1 ||     1
Armor: Scale mail        |    81 |   178 |    57 ||   316
       Skin              |     2 |       |     7 ||     9
       Ring mail         |       |       |    92 ||    92
       Plate armour      |       |       |    29 ||    29
Dodge: Dodged            |   113 |   180 |   210 ||   503

Table legend:
 A = Non-vault XP
 B = Vault XP
 C = Vault XP percentage of total XP
 D = Non-vault monster count
 E = Vault monster count
 F = Vault count percentage of total count
                 A         B        C        D         E       F
            +---------+---------+-------+---------+---------+-------
      Total |    2883 |     369 |  11.3 |     135 |      16 |  10.6
            +---------+---------+-------+---------+---------+-------
        D:1 |      49 |       0 |   0.0 |      26 |       0 |   0.0
        D:2 |     103 |       0 |   0.0 |      20 |       0 |   0.0
        D:3 |      91 |       0 |   0.0 |      22 |       0 |   0.0
        D:4 |     737 |      13 |   1.7 |      23 |       5 |  17.9
        D:5 |     730 |     216 |  22.8 |      14 |       4 |  22.2
        D:6 |     259 |       1 |   0.4 |      17 |       1 |   5.6
        D:7 |     914 |       0 |   0.0 |      13 |       0 |   0.0
      Sewer |       0 |     139 | 100.0 |       0 |       6 | 100.0
            +---------+---------+-------+---------+---------+-------

Table legend:
 A = Turns spent in this place as a percentage of turns spent in the entire game.
 B = Non-inter-level travel turns spent in this place as a percentage of non-inter-level travel turns spent in the entire game.
 C = Inter-level travel turns spent in this place as a percentage of turns spent in this place.
 D = Turns resting spent in this place as a percentage of non-inter-level travel turns spent in this place.
 E = Turns spent auto-exploring this place as a percentage of non-inter-level travel turns spent in this place.
 F = Non-inter-level travel turns spent in this place divided by the number of levels of this place that you've seen.
                   A       B       C       D       E      F
               +-------+-------+-------+-------+-------+----------------------
         Total | 100.0 | 100.0 |   2.3 |  28.9 |  40.4 | 938.0
       Dungeon |  94.2 |  94.5 |   2.1 |  30.2 |  39.7 | 1107.6
        Temple |   3.3 |   3.0 |  11.4 |   0.0 |  98.9 | 280.0
         Sewer |   2.5 |   2.5 |   0.0 |  12.1 |   0.0 | 239.0
               +-------+-------+-------+-------+-------+----------------------

Vault maps used:
D:1:      zelgadis_glass_arrival_small
D:2:      first_ration
D:3:      minmay_misc_feat_chi
D:4:      portal_sewer_entry_f
D:5:      lemuel_coloured_pillars_altar, marbit_many_paths,
          gammafunk_temple_overflow_wave, lemuel_crystal_altar,
          uniq_blork_the_orc, uniq_crazy_yiuf_cottage, uniq_ijyb
D:6:      yredelemnul_forgotten_temple_becter, lemuel_round_altar,
          minmay_temple_entry_trees, basic_altar
D:7:      led_sif_pool, trog_three_pillars_becter
D:8:      lair_entry_dummy, serial_shops, nicolae_shop_trees,
          hangedman_minor_gate_pass
Temple:   minmay_temple_forest_path
Sewer:    sewer_big_baddie
